Map: Goldenaura LE

Players

Wefuxaas - Winner!

  • Race: Terran Terran
  • League: Master
  • Spawn Location: 5:00

ИИ 1 (новичок)

  • Race: Protoss Protoss
  • Spawn Location: 12:00

VOD

Have the link to the VOD?

Description

Time

  • Played on: Aug. 25, 2024, 12:53 p.m.
  • Length: 6:12
Show
View Real Time Build Order
Export as new Build Order

Wefuxaas Terran - Winner!

Build Orders:  

Get SALT Encoding   

  12  0:00  SCV  
  13  0:12  SCV  
  14  0:17  Supply Depot  
  14  0:24  SCV  
  15  0:39  Barracks, SCV  
  16  0:43  Refinery  
  16  0:51  SCV  
  17  1:03  SCV  
  18  1:16  SCV  
  19  1:27  Barracks Reactor  
  19  1:28  Orbital Command  
  19  1:41  Command Center  
  19  1:53  SCV  
  20  1:55  Supply Depot  
  20  2:03  Marine x2  
  20  2:05  SCV  
  23  2:22  Barracks  
  23  2:24  Barracks  
  23  2:26  Bunker  
  24  2:30  SCV  
  24  2:33  Marine  
  24  2:35  Marine  
  26  2:42  SCV  
  27  2:54  Orbital Command  
  27  2:55  SCV  
  27  2:57  Marine x2  
  30  3:09  Barracks Tech Lab  
  30  3:11  Barracks Tech Lab  
  30  3:13  SCV  
  30  3:15  Marine x2  
  33  3:22  Supply Depot  
  33  3:24  SCV  
  34  3:28  Marauder, Stimpack  
  34  3:30  Marauder  
  34  3:31  SCV  
  39  3:35  Marine  
  39  3:36  Marine, SCV  
  39  3:40  Combat Shield  
  42  3:46  SCV  
  43  3:49  Marauder  
  43  3:50  SCV  
  43  3:51  Marauder  
  43  3:53  Marine  
  49  3:57  Supply Depot  
  49  4:02  SCV  
  50  4:03  SCV  
  51  4:10  Marine  
  51  4:13  Marauder  
  54  4:18  Marauder, Supply Depot, SCV x2  
  54  4:20  Supply Depot  
  58  4:25  Marine  
  58  4:31  Marine  
  59  4:34  Marauder  
  62  4:39  SCV x2  
  64  4:52  Marine x2  
  64  4:54  Marauder  
  64  4:55  SCV x2  
  64  4:58  Marine  
  71  5:01  Concussive Shells  
  71  5:08  SCV  
  71  5:09  Command Center  
  71  5:10  Refinery x2  
  72  5:16  Factory  
  72  5:18  Marine x2  
  72  5:21  SCV  
  75  5:34  Marine, Marauder  
  78  5:51  Marine  
  78  6:08  Starport  
Show
View Real Time Build Order
Export as new Build Order

ИИ 1 (новичок) Protoss 

Build Orders:  

Get SALT Encoding   

  12  0:00  Probe  
  13  0:13  Probe  
  14  0:20  Pylon  
  14  0:37  Assimilator  
  14  0:44  Gateway  
  14  0:47  Pylon  
  14  1:15  Assimilator  
  14  1:24  Probe  
  14  1:31  Zealot  
  17  1:32  Probe  
  17  1:35  Cybernetics Core  
  18  1:41  Probe  
  19  1:51  Probe  
  20  2:00  Probe  
  21  2:08  Probe  
  21  2:11  Warp Gate  
  22  2:44  Stalker  
  24  5:49  Stalker  
  26  5:57  Probe  
  19  6:00  Cybernetics Core  
Tags
 
League
Master
Matchup
ПvТ
Spawn Locations
Cross Positions
Add a new tag
Caveats
  • Supply blocks, unpowered buildings, or Contaminate may cause inaccurate times.
  • Supply counts are checked every 10 seconds.